 Dungeon Crawl Stone Soup version 0.29-a0-2-g12fcac58f8 (webtiles) character file.

Game seed: 5040901836957634512

10430 pokeman the Eclecticist (level 11, -8/61 HPs)
             Began as a Deep Elf Hedge Wizard on Jan 26, 2022.
             Was a Follower of Vehumet.
             Mangled by a two-headed ogre (15 damage)
             ... on level 10 of the Dungeon.
             The game lasted 00:34:41 (14384 turns).

pokeman the Eclecticist (Deep Elf Hedge Wizard)    Turns: 14384, Time: 00:34:41

Health: -8/61      AC:  4    Str:  7    XL:     11   Next: 36%
Magic:  24/32      EV: 12    Int: 24    God:    Vehumet [*.....]
Gold:   472        SH:  5    Dex: 14    Spells: 24/40 levels left

rFire   . . .      SeeInvis +   b - +6 great sword
rCold   + . .      Faith    .   (shield currently unavailable)
rNeg    . . .      Spirit   .   t - +0 leather armour
rPois   .          Reflect  +   c - +0 hat
rElec   .          Harm     .   (no cloak)
rCorr   .          Rampage  .   (no gloves)
Will    +....                   n - +0 pair of boots
Stlth   ++........              v - amulet of reflection
HPRegen 0.20/turn               m - ring of protection from cold
MPRegen 0.23/turn               C - ring of see invisible

@: no status effects
A: no striking features
a: Renounce Religion


You were on level 10 of the Dungeon.
You worshipped Vehumet.
Vehumet was aware of your devotion.
You visited 2 branches of the dungeon, and saw 11 of its levels.

You collected 472 gold pieces.

Inventory:

Hand Weapons
 b - a +6 great sword (weapon)
 i - a +0 hunting sling of freezing
 x - a +1 trident of venom
 T - a +0 shortbow
Missiles
 d - 158 arrows
 h - 23 bolts
 j - 252 stones
 r - 88 sling bullets
 L - 2 throwing nets
Armour
 c - a +0 hat (worn)
 n - a +0 pair of boots (worn)
 t - a +0 leather armour (worn)
 u - a +4 ring mail
 Q - a +0 kite shield
Magical Staves
 y - a staff of earth
 A - a staff of fire
 B - a staff of death
Jewellery
 m - a ring of protection from cold (left hand)
 v - an amulet of reflection (around neck)
 C - a ring of see invisible (right hand)
 R - a ring of protection from cold
Wands
 K - a wand of iceblast (16)
 M - a wand of digging (6)
 O - a wand of flame (31)
 U - a wand of polymorph (2)
Scrolls
 a - 2 scrolls of torment {unknown}
 k - 11 scrolls of identify {unknown}
 l - 3 scrolls of enchant weapon {unknown}
 o - a scroll of blinking {unknown}
 p - a scroll of fear {unknown}
 s - 3 scrolls of noise {unknown}
 E - a scroll of acquirement {unknown}
 H - 2 scrolls of magic mapping {unknown}
 P - a scroll of fog {unknown}
 S - a scroll of teleportation {unknown}
 W - a scroll of immolation {unknown}
Potions
 e - 5 potions of might {unknown}
 f - a potion of heal wounds {unknown}
 g - a potion of mutation {unknown}
 q - 2 potions of lignification {unknown}
 w - a potion of flight {unknown}
 z - 2 potions of haste {unknown}
 D - a potion of berserk rage {unknown}
 F - 2 potions of brilliance {unknown}
 G - a potion of curing
 I - 2 potions of attraction {unknown}
 J - 2 potions of invisibility {unknown}
 N - a potion of cancellation {unknown}
 V - a potion of magic {unknown}


   Skills:
 - Level 4.1 Fighting
 - Level 4.4 Armour
 - Level 3.2 Dodging
 - Level 3.0 Stealth
 + Level 1.2 Shields
 * Level 15.1 Spellcasting
 + Level 8.8 Conjurations
 - Level 1.1 Summonings
 - Level 1.0 Necromancy
 - Level 1.1 Translocations
 + Level 8.2 Fire Magic
 + Level 0.9 Ice Magic
 - Level 1.0 Air Magic
 - Level 1.1 Earth Magic
 - Level 1.0 Poison Magic
 - Level 1.0 Evocations


You had 24 spell levels left.
You knew the following spells:

 Your Spells              Type           Power      Damage    Failure   Level
a - Magic Dart            Conj           100%       1d8       1%          1
b - Mephitic Cloud        Conj/Pois/Air  35%        N/A       3%          3
c - Call Imp              Summ           23%        N/A       4%          2
d - Blink                 Tloc           46%        N/A       4%          2
e - Conjure Flame         Conj/Fire      56%        6-21      1%          3
f - Freezing Cloud        Conj/Ice/Air   17%        6-21      28%         5

Your spell library contained the following spells:

 Spells                   Type           Power      Damage    Failure   Level
 Scorch                   Fire           100%       2d10      1%          2
 Animate Skeleton         Necr           46%        N/A       2%          1
 Pain                     Necr           92%        1d8       2%          1
 Beastly Appendage        Tmut           36%        N/A       4%          1
 Slow                     Hex            72%        N/A       4%          1
 Corpse Rot               Necr/Air       46%        N/A       4%          2
 Wereblood                Tmut           18%        N/A       7%          2
 Vampiric Draining        Necr           23%        2d7       9%          3
 Portal Projectile        Hex/Tloc       40%        N/A       11%         3
 Spider Form              Tmut/Pois      20%        N/A       11%         3
 Confusing Touch          Hex            18%        N/A       13%         3
 Excruciating Wounds      Necr           11%        N/A       61%         5
 Blade Hands              Tmut           9%         N/A       77%         5
 Simulacrum               Ice/Necr       11%        N/A       99%         6
 Borgnjor's Revivificati  Necr           11%        N/A       100%        8
 Necromutation            Tmut/Necr      10%        N/A       100%        8
 Polar Vortex             Ice            11%        N/A       100%        9


Dungeon Overview and Level Annotations

Branches:
Dungeon (10/15)            Temple (1/1) D:7            Lair (0/6) D:9
    Orc: D:9-12

Altars:
Ashenzari
Cheibriados
Dithmenos
Elyvilon
Fedhas
Gozag
Hepliaklqana
Kikubaaqudgha
Makhleb
Nemelex Xobeh
Qazlal
Ru
Sif Muna
Trog
Uskayaw
Vehumet
Wu Jian
Xom
Yredelemnul
Zin
The Shining One
Beogh
Lugonu

Shops:
D:1 ?   D:7 (


Message History

Confirm with . or Enter, or press ? or * to list all spells.
The fire begins to smoulder!
The fire ignites!
Casting: Conjure Flame (safe; 1% risk of failure)
Confirm with . or Enter, or press ? or * to list all spells.
The fire begins to smoulder!
The troll bites you. You block the troll's attack.
The troll completely misses you.
The fire ignites!
Casting: Conjure Flame (safe; 1% risk of failure)
Confirm with . or Enter, or press ? or * to list all spells.
Aiming: Mephitic Cloud (dangerous; 3% risk of failure)
Press: ? - help, Shift-Dir - straight line The ball explodes into a vile cloud!
The stinking cloud engulfs the troll but does no damage.
The stinking cloud engulfs the two-headed ogre but does no damage.
The troll is engulfed in noxious fumes.
The troll appears confused.
Unknown command.
Unknown command.
You hit the troll.
The troll is lightly wounded.
The two-headed ogre is engulfed in noxious fumes.
The two-headed ogre is engulfed in blazing flames.
The troll is engulfed in noxious fumes.
The troll appears confused.
Unknown command.
You slash the two-headed ogre!
The two-headed ogre is heavily wounded.
The two-headed ogre is engulfed in blazing flames.
The two-headed ogre hits you with a +0 giant club!!
The two-headed ogre hits you with a +0 giant spiked club!
The troll closely misses you. The troll claws you!
* * * LOW HITPOINT WARNING * * *
The troll claws you!
* * * LOW HITPOINT WARNING * * *
Unknown command.
Found 21 stones.
You block the troll's attack. The troll closely misses you.
You block the troll's attack.
The two-headed ogre is engulfed in blazing flames.
You block the two-headed ogre's attack.
The two-headed ogre hits you with a +0 giant spiked club!
You die...

#.. .... ..# #..
........#####
.$.####..# #(. ....
........
.........#####..
#..# #.......
.#.#............
#..# #.......
.......... .....
#..# #.......
.........#
#..####..# #.......
.........#
#..@T°°°.# #.......
<........#
#...O§§°.# #.......
.........#
#.!####..####.......
.=.......# #..
#.............
.$.......# #..
#.............
.........# #..
#.[......#####
.........# #..
#........# #
.........# #..
#....<...# #
..>.......
#........# #


You could see a two-headed ogre and a troll (confused).

Vanquished Creatures
  Harold (D:7)
  Erica (D:8)
  The ghost of ThrustWizard the Cudgeller, a novice OgGl of Hepliaklqana (D:5)
  Joseph (D:9)
  2 kobold demonologists
  Psyche (D:8)
  A troll (D:10)
  Grinder (D:4)
  A hornet (D:9)
  4 wyverns
  4 yaks
  Sigmund (D:5)
  A steam dragon (D:8)
  4 vampire mosquitoes (D:8)
  Duvessa (D:4)
  6 black bears
  An orc warrior (D:9)
  An ice beast (D:8)
  2 sky beasts (D:5)
  2 ogres (D:6)
  4 necrophages
  2 centaurs
  A phantom (D:7)
  3 kobold brigands (D:9)
  2 bullfrogs
  5 water moccasin zombies (D:5)
  2 scorpions (D:6)
  A wyvern zombie (D:5)
  A wyvern skeleton (D:5)
  Dowan (D:4)
  5 killer bees (D:9)
  13 wights
  2 howler monkeys (D:9)
  2 bullfrog zombies (D:5)
  9 centaur zombies
  A human zombie (D:5)
  An iron imp (D:6)
  3 gnoll shamans
  A jelly (D:7)
  An orc priest (D:4)
  4 centaur skeletons
  2 bullfrog skeletons
  4 iguanas
  2 scorpion zombies (D:5)
  3 orc wizards
  A killer bee zombie (D:5)
  2 hound zombies (D:5)
  A hound skeleton (D:5)
  2 howler monkey zombies
  19 gnolls
  6 adders
  A shadow imp (D:5)
  4 white imps
  2 ufetubi
  2 adder zombies (D:5)
  3 worms
  3 dart slugs
  23 orcs
  9 ball pythons
  A bat (D:1)
  5 endoplasms
  3 giant cockroaches
  7 hobgoblins
  3 jackals (D:3)
  3 quokkas
  2 frilled lizards
  2 goblins
  16 kobolds
  19 rats
251 creatures vanquished.

Vanquished Creatures (collateral kills)
  The ghost of innerfire433 the Ducker, an amateur DjMo of Elyvilon (D:3)
1 creature vanquished.

Vanquished Creatures (others)
  7 plants (D:4)
  A withered plant (D:5)
8 creatures vanquished.

Grand Total: 260 creatures vanquished

Notes
Turn   | Place    | Note
-------+----------+-------------------------------------------
     0 | D:1      | pokeman the Deep Elf Hedge Wizard began the quest for the
                  | Orb.
     0 | D:1      | Reached XP level 1. HP: 10/10 MP: 7/7
    16 | D:1      | You fall into a shaft and drop 1 floor!
   343 | D:1      | Found Etiur's Magic Scroll Emporium.
   354 | D:1      | Reached XP level 2. HP: 15/15 MP: 7/9
   918 | D:1      | Reached skill level 5 in Spellcasting
  1166 | D:1      | Reached XP level 3. HP: 20/20 MP: 5/11
  1170 | D:1      | Learned a level 3 spell: Mephitic Cloud
  1173 | D:1      | Learned a level 2 spell: Call Imp
  1176 | D:1      | Learned a level 2 spell: Blink
  1180 | D:1      | Learned a level 3 spell: Conjure Flame
  1817 | D:2      | Reached skill level 1 in Fighting
  1817 | D:2      | Reached skill level 1 in Armour
  2052 | D:2      | Noticed a necrophage
  2060 | D:2      | Reached XP level 4. HP: 25/25 MP: 3/13
  2694 | D:2      | Reached skill level 1 in Fire Magic
  2879 | D:2      | Killed a necrophage
  2880 | D:2      | Reached skill level 6 in Spellcasting
  2880 | D:2      | Reached XP level 5. HP: 29/29 MP: 2/15
  3005 | D:3      | Reached skill level 1 in Air Magic
  3541 | D:3      | Found a runed translucent gate.
  3542 | D:3      | Found a runed translucent gate.
  3543 | D:3      | Noticed innerfire433's ghost (amateur DjMo)
  3544 | D:3      | Found a runed translucent gate.
  3642 | D:3      | Found a faded altar of an unknown god.
  4063 | D:3      | Killed innerfire433's ghost
  4064 | D:3      | Reached skill level 1 in Poison Magic
  4064 | D:3      | Reached XP level 6. HP: 34/34 MP: 8/17
  4460 | D:4      | Found a hide-covered altar of Uskayaw.
  4586 | D:4      | Reached skill level 7 in Spellcasting
  4698 | D:4      | Found a burning altar of Makhleb.
  4785 | D:4      | Reached XP level 7. HP: 14/38 MP: 3/20
  5049 | D:4      | Noticed Grinder
  5060 | D:4      | Paralysed by Grinder for 6 turns
  5105 | D:4      | Paralysed by Grinder for 2 turns
  5109 | D:4      | Killed Grinder
  5110 | D:4      | Reached skill level 8 in Spellcasting
  5443 | D:4      | Reached XP level 8. HP: 44/44 MP: 11/22
  5527 | D:4      | Noticed Dowan
  5528 | D:4      | Noticed Duvessa
  5540 | D:4      | Killed Dowan
  5541 | D:4      | Reached skill level 9 in Spellcasting
  5564 | D:4      | Killed Duvessa
  5934 | D:5      | Entered Level 5 of the Dungeon
  5934 | D:5      | Noticed Sigmund
  6053 | D:5      | Reached skill level 5 in Conjurations
  6222 | D:5      | Found a runed translucent gate.
  6223 | D:5      | Found a runed translucent gate.
  6224 | D:5      | Found a runed translucent gate.
  6227 | D:5      | Noticed ThrustWizard's ghost (novice OgGl)
  6302 | D:5      | Reached skill level 10 in Spellcasting
  6462 | D:5      | Reached skill level 1 in Earth Magic
  6680 | D:5      | Killed Sigmund
  6728 | D:5      | Reached XP level 9. HP: 48/48 MP: 21/25
  6731 | D:5      | Reached skill level 1 in Evocations
  6854 | D:5      | Reached skill level 1 in Necromancy
  6907 | D:5      | Reached skill level 5 in Fire Magic
  7110 | D:5      | Reached skill level 11 in Spellcasting
  7398 | D:5      | Found an ancient bone altar of Kikubaaqudgha.
  8151 | D:5      | Killed ThrustWizard's ghost
  8503 | D:6      | Reached skill level 12 in Spellcasting
  8764 | D:6      | Found a radiant altar of Vehumet.
  8772 | D:6      | Got Kikubaaqudgha's Almanac of Black Rituals
  8827 | D:6      | Found a glowing silver altar of Zin.
  8829 | D:6      | Found an ornate altar of the Wu Jian Council.
  9203 | D:6      | Found a snail-covered altar of Cheibriados.
  9335 | D:6      | Reached XP level 10. HP: 48/56 MP: 25/28
 10015 | D:7      | Noticed Harold
 10294 | D:7      | Killed Harold
 10295 | D:7      | Reached skill level 13 in Spellcasting
 10574 | D:7      | Found Cudan's Antique Weapon Emporium.
 10980 | D:7      | Found a staircase to the Ecumenical Temple.
 10992 | Temple   | Entered the Ecumenical Temple
 11183 | D:6      | Became a worshipper of Vehumet
 11322 | D:8      | Found a shimmering blue altar of Sif Muna.
 11355 | D:8      | Noticed Psyche
 11365 | D:8      | Killed Psyche
 11442 | D:8      | Found a glowing golden altar of the Shining One.
 12073 | D:8      | Reached skill level 14 in Spellcasting
 12175 | D:8      | Noticed Erica
 12208 | D:8      | Killed Erica
 12208 | D:8      | Reached * piety under Vehumet
 12208 | D:8      | Offered knowledge of Sandblast by Vehumet.
 12640 | D:9      | Reached XP level 11. HP: 43/61 MP: 9/31
 12809 | D:9      | Found a shimmering altar of Xom.
 12861 | D:9      | Noticed a sixfirhy
 13258 | D:9      | Noticed Joseph
 13272 | D:9      | Killed Joseph
 13583 | D:9      | Found a bloodstained altar of Trog.
 13589 | D:9      | Found a basalt altar of Yredelemnul.
 13659 | D:9      | Found a staircase to the Lair.
 13736 | D:9      | Learned a level 5 spell: Freezing Cloud
 13784 | D:9      | Offered knowledge of Scorch by Vehumet.
 13801 | D:10     | Entered Level 10 of the Dungeon
 13814 | D:10     | Reached skill level 1 in Shields
 13814 | D:10     | Reached skill level 15 in Spellcasting
 14115 | D:10     | Noticed a two-headed ogre
 14384 | D:10     | Mangled by a two-headed ogre

Illustrated notes

Levels and vault maps discovered:
D:1:      saegor_arrival_fortress, layout_loops_ring, serial_shops, shop_statue,
          minmay_misc_feat_ornament, serial_bayou_pond_a, minmay_hedge_maze
D:2:      layout_basic
D:3:      layout_rooms, ebering_ecumenical_altar_sacrificial,
          biasface_ghost_orc_armoury, minmay_liquid_box, minmay_rat_hole
D:4:      layout_basic, nicolae_overflow_crystal_walls,
          mainiacjoe_overflow_catwalk, serial_bayou_crossing, uniq_duvessa,
          uniq_grinder
D:5:      layout_loops_ring, lemuel_mausoleum_altar_kikubaaqudgha,
          serial_undead, serial_undead_a, serial_undead_a, serial_undead_c,
          serial_undead_f, serial_undead_e, serial_undead_a,
          ebering_ghost_rock_garden, corexii_corridor_pit, uniq_sigmund
D:6:      layout_layer_cave, slow_altar_1, nicolae_overflow_hidden_temple,
          minmay_checkerbox
D:7:      black_bear_nest_2, layout_cave_pools,
          minmay_temple_entry_drinking_statues, serial_shops,
          nicolae_shop_stone, uniq_harold
D:8:      layout_cave_pods, nicolae_sif_muna_condensation,
          nicolae_tso_carved_into_rock, uniq_erica, uniq_psyche
D:9:      layout_roguey, chequers_temple_overflow_statue_of_worship,
          overflow_temple_1_default, david_lair_generic, uniq_joseph
D:10:     layout_small_grid, kennysheep_mini_moat, hiddenorc1_lemuel,
          minmay_crystal_water, st_stairs_4
Temple:   corrupted_temple

Skill      XL: |  1  2  3  4  5  6  7  8  9 10 11 |
---------------+----------------------------------+-----
Spellcasting   | 5 6 7 8 10 12 14 15 | 15.1
Fighting       | 1 2 3 4 |  4.1
Armour         | 1 3 4 |  4.4
Conjurations   | 2 3 4 5 7 8 |  8.8
Fire Magic     | 1 3 4 6 7 8 |  8.2
Dodging        | 3 |  3.2
Air Magic      | 1 |  1.0
Stealth        | 3 |  3.0
Poison Magic   | 1 |  1.0
Earth Magic    | 1 |  1.1
Evocations     | 1 |  1.0
Necromancy     | 1 |  1.0
Shields        | 1 |  1.2
Summonings     | |  1.1
Translocations | |  1.1
Ice Magic      | |  0.9

Action                   |  1- 3 |  4- 6 |  7- 9 | 10-12 || total
-------------------------+-------+-------+-------+-------++-------
Melee: Mace              |     4 |       |       |       ||     4
       Dagger            |     1 |       |       |       ||     1
       Trident           |     5 |    15 |       |       ||    20
       Great sword       |       |    14 |    91 |    88 ||   193
 Fire: Hunting sling     |       |    11 |    82 |       ||    93
 Cast: Magic Dart        |    83 |   165 |   152 |   176 ||   576
       Mephitic Cloud    |     2 |     3 |    11 |    43 ||    59
       Conjure Flame     |     1 |     8 |    38 |    32 ||    79
       Call Imp          |       |     5 |    10 |     2 ||    17
       Blink             |       |     1 |       |     8 ||     9
Evoke: Wand              |       |       |       |     6 ||     6
 Stab: Confused          |       |     1 |     2 |     8 ||    11
       Sleeping          |       |       |     3 |     1 ||     4
       Distracted        |       |       |     1 |       ||     1
Armor: Robe              |       |     2 |       |       ||     2
       Leather armour    |       |     3 |    41 |    23 ||    67
Dodge: Dodged            |    11 |    28 |   113 |    93 ||   245
Block: Other             |       |       |    46 |    35 ||    81
       Reflection        |       |       |     1 |     2 ||     3

Table legend: (Time is in decaauts)
 A = Elapsed time spent in this place.
 B = Non-inter-level travel time spent in this place.
 C = Inter-level travel time spent in this place.
 D = Time resting spent in this place.
 E = Time spent auto-exploring this place.
 F = Levels seen in this place.
 G = Mean time per level.
                   A        B        C        D        E       F      G
               +--------+--------+--------+--------+--------+-----+--------+
         Total |  14563 |  13893 |    670 |   1471 |   9672 |  11 | 1323.9 |
       Dungeon |  14523 |  13865 |    658 |   1471 |   9650 |  10 | 1452.3 |
        Temple |     40 |     28 |     12 |      0 |     22 |   1 |   40.0 |
               +--------+--------+--------+--------+--------+-----+--------+

Top non-repeatable levels by time:
     D:5: 2514 daAuts
     D:6: 1665 daAuts
     D:4: 1664 daAuts
     D:1: 1594 daAuts
     D:8: 1541 daAuts
     D:9: 1501 daAuts
     D:2: 1401 daAuts
     D:3: 1380 daAuts
     D:7: 1063 daAuts
    D:10: 196 daAuts
  Temple: 40 daAuts
